Map: Orbital Shipyard

Players

Anh

  • Race: Terran Terran

DireDrop - Winner!

  • Race: Terran Terran
  • League: Silver

VOD

Have the link to the VOD?

Description

Private

Time

  • Played on: March 8, 2016, 2:14 a.m.
  • Length: 12:24
Show
View Real Time Build Order
Export as new Build Order

Anh Terran 

Build Orders: MMM Bio 

Get SALT Encoding   

  12  0:00  SCV  
  13  0:13  SCV  
  14  0:17  Supply Depot  
  14  0:25  SCV  
  15  0:39  SCV  
  15  0:41  Barracks  
  16  0:51  SCV  
  17  0:58  Supply Depot  
  17  1:03  SCV  
  18  1:12  Barracks  
  18  1:15  SCV  
  19  1:25  Refinery  
  19  1:26  Refinery  
  19  1:39  Barracks  
  20  1:42  Orbital Command  
  19  1:53  Marine  
  20  2:02  Barracks Tech Lab  
  20  2:04  Supply Depot  
  20  2:10  SCV  
  20  2:11  Marine  
  22  2:23  Stimpack  
  22  2:26  Barracks Tech Lab  
  22  2:29  Marine  
  23  2:36  Marine  
  24  2:39  SCV  
  25  2:45  Combat Shields  
  25  2:47  Marine  
  26  2:51  SCV  
  26  2:54  Marauder  
  29  3:00  Marine  
  29  3:04  Marine  
  31  3:11  Factory  
  31  3:15  Marine  
  31  3:17  Marine  
  31  3:19  Supply Depot  
  33  3:22  Marine  
  34  3:27  SCV  
  34  3:33  Marauder  
  37  3:38  Marine  
  38  3:42  Marauder  
  40  3:49  Supply Depot  
  40  3:56  Starport  
  40  3:57  Factory Reactor  
  40  4:00  Marine  
  41  4:03  Marine  
  41  4:05  SCV  
  41  4:08  Concussive Shells  
  43  4:12  Marine  
  44  4:17  SCV  
  45  4:24  Marine  
  45  4:25  Marauder  
  45  4:31  Supply Depot  
  48  4:46  Medivac x2  
  48  4:49  SCV  
  48  4:50  Supply Depot  
  53  4:53  Marine  
  53  4:55  Marine  
  55  5:01  Marine  
  56  5:10  Marine  
  56  5:14  Marauder  
  59  5:29  Marine  
  59  5:30  Marauder  
  59  5:35  Marine  
  63  5:47  Marine  
  64  5:51  Marauder  
  64  5:52  Marine  
  64  5:55  Command Center  
  42  6:16  Marine x2  
  42  6:17  Marauder  
  44  6:18  Factory Tech Lab  
  44  6:34  Marine  
  44  6:35  Marauder, Medivac  
  44  6:36  Medivac  
  44  6:38  Marauder  
  53  6:40  Widow Mine  
  55  6:52  Marine  
  56  6:56  Marine  
  57  7:06  Marine  
  58  7:09  Orbital Command, Widow Mine  
  58  7:14  Marauder  
  62  7:20  Marine  
  63  7:25  Marine  
  64  7:30  Refinery x2  
  64  7:35  Marauder  
  64  7:37  Engineering Bay  
  66  7:38  Marine  
  66  7:40  Engineering Bay  
  66  7:43  Marine  
  68  7:56  Marine  
  69  8:05  Widow Mine  
  71  8:19  SCV x2  
  73  8:22  Terran Infantry Weapons Level 1  
  73  8:23  Terran Infantry Armor Level 1  
  73  8:30  Marine  
  73  8:31  SCV x2, Marine  
  73  8:32  Marauder  
  73  8:33  Widow Mine  
  81  8:48  Marine  
  82  8:49  Marine  
  82  8:50  SCV x2  
  85  9:06  Marine  
  85  9:07  Supply Depot  
  85  9:09  Supply Depot  
  86  9:28  Marauder, Medivac, Marine  
  86  9:29  Marauder  
  86  9:30  Medivac, Supply Depot  
  95  9:38  Missile Turret  
  95  9:42  Missile Turret  
  95  9:46  Marine  
  95  9:49  Marine  
  95  9:50  Marauder  
  99  9:53  Armory  
  99  9:58  Medivac, Command Center  
  101  10:00  Medivac  
  101  10:04  Marine  
  104  10:08  Marauder  
  104  10:11  Marine  
  107  10:19  Barracks  
  107  10:21  Marine, Barracks  
  108  10:29  Marauder  
  110  10:52  Marauder  
  95  11:03  Marine  
  95  11:04  Marauder  
  73  11:13  Marine  
  73  11:21  Marine  
  73  11:25  Marauder  
  76  11:28  Barracks Reactor  
  76  11:29  Barracks Tech Lab  
  76  11:31  Marauder  
  78  11:39  Marine  
  79  11:45  Planetary Fortress  
  79  11:48  SCV  
  79  11:49  SCV  
  81  12:01  SCV x2  
Show
View Real Time Build Order
Export as new Build Order

DireDrop Terran - Winner!

Build Orders: MMM Bio 

Get SALT Encoding   

  12  0:01  SCV  
  13  0:13  SCV  
  14  0:18  Supply Depot  
  14  0:25  SCV  
  15  0:39  SCV  
  15  0:41  Barracks  
  16  0:45  Refinery  
  16  0:51  SCV  
  17  1:03  SCV  
  18  1:16  SCV  
  19  1:28  Marine  
  20  1:39  Command Center  
  20  1:43  Supply Depot  
  20  1:48  Orbital Command  
  20  1:51  Barracks Reactor  
  20  2:07  Barracks  
  20  2:15  Barracks  
  20  2:30  Marine x2  
  20  2:31  SCV  
  23  2:43  SCV  
  24  2:50  Marine x2  
  27  2:53  Orbital Command  
  27  2:55  SCV  
  27  3:04  Supply Depot  
  27  3:05  Barracks Tech Lab, Barracks Reactor  
  27  3:07  SCV  
  28  3:14  Marine x2  
  31  3:20  SCV  
  31  3:23  Combat Shields  
  32  3:28  Marauder  
  32  3:32  SCV, Marine x2  
  35  3:38  SCV  
  36  3:43  Marine x2  
  36  3:44  SCV  
  39  3:51  Marauder  
  41  3:56  Marine x2  
  41  4:01  SCV, Supply Depot  
  41  4:02  SCV  
  45  4:04  Marine x2  
  47  4:12  Supply Depot  
  47  4:14  SCV x2, Marauder  
  47  4:16  Marine  
  52  4:17  Marine  
  53  4:26  SCV x2, Marine x2  
  57  4:34  Engineering Bay  
  57  4:35  Supply Depot  
  57  4:37  Marine x2  
  57  4:38  SCV  
  60  4:40  SCV  
  60  4:42  Marauder  
  63  4:46  Marine x2  
  63  4:48  Stimpack  
  63  4:50  SCV  
  63  4:52  SCV  
  67  4:53  Supply Depot  
  67  4:57  Supply Depot  
  67  5:00  Marine  
  67  5:02  SCV  
  67  5:05  Missile Turret  
  69  5:10  SCV, Missile Turret  
  69  5:11  Marine  
  69  5:12  Marine  
  69  5:13  Marine  
  73  5:18  Missile Turret  
  74  5:21  SCV  
  74  5:22  SCV  
  74  5:23  Marine  
  74  5:26  Marauder  
  78  5:33  SCV  
  78  5:34  Marine x2  
  78  5:35  Marine  
  82  5:36  SCV  
  83  5:47  SCV, Marauder  
  86  5:52  Barracks  
  86  5:56  SCV, Marine  
  86  5:57  Marine x3  
  86  6:08  Marine  
  83  6:12  SCV x2  
  83  6:16  Marine x3  
  83  6:18  Marine  
  89  6:28  SCV x2  
  91  6:40  Factory  
  91  6:45  Command Center  
  91  6:50  Barracks x3  
  87  7:00  Marine x3  
  87  7:01  Barracks Tech Lab, Marine  
  78  7:03  SCV x2  
  80  7:17  Refinery  
  80  7:21  SCV  
  80  7:22  Refinery, SCV  
  82  7:28  Supply Depot x2  
  82  7:29  Supply Depot  
  82  7:35  Marine x4  
  82  7:36  Marauder  
  82  7:37  Marauder, Factory Tech Lab  
  90  7:39  Barracks Tech Lab, Barracks Reactor  
  90  7:44  Barracks Reactor  
  90  7:50  Barracks  
  90  7:51  SCV  
  90  7:52  SCV  
  92  8:00  Barracks  
  92  8:01  Barracks  
  92  8:08  Barracks  
  92  8:10  Orbital Command, Barracks  
  92  8:12  SCV x2  
  94  8:14  Marine x4  
  94  8:15  Marauder  
  94  8:16  Marauder x2, Marine x2  
  94  8:17  Siege Tank  
  109  8:24  SCV  
  109  8:26  Starport  
  110  8:27  Starport  
  110  8:32  Supply Depot x2  
  110  8:34  Supply Depot  
  110  8:36  SCV  
  110  8:37  Marauder  
  113  8:42  SCV x2  
  113  8:46  Marine x8  
  113  8:48  Marauder x2  
  127  8:58  Marauder  
  127  9:00  Siege Tank  
  132  9:04  SCV x3  
  132  9:05  Marine x5  
  132  9:06  Marine x2  
  132  9:07  Marine  
  132  9:08  Medivac  
  145  9:16  Refinery  
  145  9:26  Barracks Tech Lab, Barracks Reactor  
  145  9:27  Barracks Tech Lab  
  145  9:29  Barracks Reactor  
  145  9:30  Marine  
  145  9:31  Marine x8  
  148  9:32  Marine x2  
  156  9:40  Refinery  
  156  9:41  SCV  
  156  9:43  Refinery  
  157  9:46  Supply Depot  
  157  9:49  Supply Depot x2  
  157  9:50  Supply Depot  
  157  9:57  Supply Depot  
  157  10:07  Marine x3  
  157  10:08  SCV, Marauder x2  
  157  10:10  Marine x10  
  157  10:11  SCV x2, Medivac x2, Marauder x2  
  185  10:20  SCV  
  188  10:28  Marauder  
  188  10:31  SCV  
  188  10:32  SCV, Marine x6  
  188  10:35  Marine  
  196  10:41  Command Center  
  197  10:53  Marine  
  197  10:54  Marine  
  197  10:55  Marine x5  
  197  10:56  Marauder x2, Marine x2  
  197  10:57  Marauder, Marine  
  196  10:58  Marauder, Medivac  
  196  10:59  Marauder, Marine  
  197  11:05  Medivac, Marine  
  197  11:10  SCV x2  
  181  11:11  Marine  
  181  11:17  Marine x5  
  181  11:18  Marauder x3, Marine x3  
  186  11:19  Marauder  
  186  11:20  Marauder, Marine x2  
  186  11:23  Marine  
  193  11:27  SCV x2  
  193  11:28  SCV  
  193  11:29  Marine  
  197  11:46  Starport Reactor  
  197  11:52  Marine  
  197  11:53  Marauder, Supply Depot  
Tags
 
Composition
MMM BioMMM Bio
League
Silver
Matchup
TvT
Race
Terran
Add a new tag
Caveats
  • Supply blocks, unpowered buildings, or Contaminate may cause inaccurate times.
  • Supply counts are checked every 10 seconds.